 Dungeon Crawl Stone Soup version 0.31-a0-472-g43a2ca8e1b (webtiles) character file.

Game seed: 4839292500178811927

32 Ethylacetat the Changeling (level 3, 0/2 HPs)
             Began as an Octopode Shapeshifter on Aug 6, 2023.
             Killed from afar by Terence (2 damage)
             ... with a puff of flame
             ... on level 2 of the Dungeon.
             The game lasted 00:01:48 (775 turns).

Ethylacetat the Changeling (Octopode Shapeshifter)   Turns: 775, Time: 00:01:49

Health: 0/2        AC: 15    Str: 14    XL:     3   Next: 25%
Magic:  3/3        EV: 32    Int: 10    God:
Gold:   50         SH:  0    Dex: 14    Spells: 2/2 levels left

rFire   . .          .
                       - Unarmed
rCold   . . .        (shield currently unavailable)
rNeg    . . .        (helmet currently unavailable)
rPois   ∞            (no amulet)
rElec   +            (no ring)
rCorr   .            (no ring)
SInv    .            (no ring)
Will    .....        (no ring)
Stlth   +            (no ring)
HPRegen 0.20/turn    (no ring)
MPRegen 0.08/turn    (no ring)
                     (no ring)

%: no passive effects
@: storm-form, flying
A: cleaving, insubstantial, flying, reduced hp, almost no armour, amphibious, 8
rings, (camouflage 1), (gelatinous body 1), (nimble swimmer 1), (tentacles)
a: Blinkbolt, Begin Untransformation


You were on level 2 of the Dungeon.
You were a lightning-filled tempest!
You visited 1 branch of the dungeon, and saw 2 of its levels.

You collected 50 gold pieces.

Inventory:

Jewellery
 f - a ring of wizardry
Talismans
 b - a beast talisman
 d - a storm talisman (active)
Scrolls
 e - a scroll of poison {unknown}
Potions
 a - a potion of lignification
 c - a potion of might {unknown}
 g - a potion of curing {unknown}


   Skills:
 + Level 1.6 Fighting
 - Level 2.0 Dodging
 + Level 3.3 Unarmed Combat
 * Level 3.5 Shapeshifting


You had 2 spell levels left.
You didn't know any spells.
Your spell library contained the following spells:

 Spells                   Type           Power      Damage    Failure   Level
 Vhi's Electric Charge    Tloc/Air       0%         N/A       75%         3
 Arcjolt                  Conj/Air       0%         1d10      100%        5
 Maxwell's Capacitive Co  Air            0%         ∞         100%        8


Dungeon Overview and Level Annotations

Branches:
Dungeon (2/15)

Altars:
Fedhas

Annotations:
D:2 Terence


Innate Abilities, Weirdness & Mutations

You are a lightning-filled tempest!
Your electrical attacks strike out in all directions at once.
You are incredibly evasive.
Your insubstantial body is immune to petrification, constriction, and being set on fire You are flying.
Your maximum health is decreased, since you lack skill for your form.
Your armour is entirely melded.
You are incapable of wielding weapons or throwing items.
You cannot wear most types of armour.
You are amphibious.
You can wear up to eight rings at the same time.
You are immune to poison.
((Your skin changes colour to match your surroundings (Stealth+).))
((Your rubbery body absorbs attacks. (AC +1, EV +1)))
((You are camouflaged when in or above water. (Stealth+)))
((You have tentacles for arms and can constrict up to eight enemies at once.))


Message History

An adder is nearby!
An adder is nearby!
You tentacle-slap the adder. Your grab misses the adder. You squeeze the adder!
You kill the adder!
You have reached level 3!
Your experience leads to an increase in your attributes!
Increase (S)trength, (I)ntelligence, or (D)exterity?
You feel agile. x2
You can't memorise that many levels of magic yet!
Unknown command.
A kobold comes into view.
It is wielding a +2 dagger of distortion.
Found a grey potion and 3 poisoned darts.
You begin transforming.
You continue transforming. x3
Your transformation has ended.
You turn into a lightning-filled tempest!
You drop a ring of wizardry.
f - a ring of wizardry
Aiming: Blinkbolt
Press: ? - help, Dir - move target, f - kobold
Aim: a kobold, wielding a +2 dagger of distortion and quivering stones (asleep, 100% to hit)
The shock of your passage hits the kobold.
The kobold is heavily wounded.
The kobold shouts!
You blink.
You hear a shout!
Terence the Incautious comes into view.
He is wielding a +0 hand axe and carrying a wand of flame.
The kobold hits you with a +2 dagger of distortion.
Ouch! That really hurt!
You blink.
Terence moves out of view.
The kobold throws a stone.
The stone closely misses you.
The kobold throws a stone.
The stone closely misses you.
You feel energetic enough to blinkbolt again.
You closely miss the kobold.
The kobold is heavily wounded.
The kobold closely misses you.
You buffet the kobold!
You kill the kobold!
Terence zaps a wand.
The puff of flame hits you.
Ouch! That really hurt!
You die...

###### #....# ##....#
### #### +...... ...
.... #....# #.# ...#
#....# ..##..# #....#
#....#
####...v#####.#..####
...........@.........
##...########.#......
#.#. #...##### # #
#...#.....# .
..#.#.##...## #
....#.#K##...# #.#.
....#.#.#....#
#.#.###......(....#


You could see Terence.

Vanquished Creatures
  An adder (D:2)
  4 ball pythons (D:1)
  6 bats
  A giant cockroach (D:2)
  4 goblins (D:1)
  A hobgoblin (D:1)
  A frilled lizard (D:1)
  2 kobolds
  3 rats (D:1)
23 creatures vanquished.

Notes
Turn   | Place    | Note
-------+----------+-------------------------------------------
     0 | D:1      | Ethylacetat the Octopode Shapeshifter began the quest for
                  | the Orb.
     0 | D:1      | Reached XP level 1. HP: 13/13 MP: 1/1
   190 | D:1      | Found a faded altar of an unknown god.
   198 | D:1      | Reached XP level 2. HP: 18/18 MP: 2/2
   643 | D:2      | Found a blossoming altar of Fedhas.
   743 | D:2      | Reached XP level 3. HP: 23/23 MP: 3/3
   758 | D:2      | Noticed Terence
   775 | D:2      | Killed from afar by Terence

Illustrated notes

Levels and vault maps discovered:
D:1:      lemuel_arrival_river_ford, layout_loops_ring,
          ebering_ecumenical_altar_petrified
D:2:      layout_basic, basic_altar, serial_bayou_pond_e, uniq_terence

Action                     || total
---------------------------++-------
  Melee: Unarmed           ||    33
         Constrict         ||     7
         Tentacles         ||     5
         Punch             ||     1
Ability: Blinkbolt         ||     1
   Stab: Sleeping          ||     6
 Armour: Skin              ||     2
  Dodge: Dodged            ||    26
   Form: Storm             ||     1

Table legend: (Time is in decaauts)
 A = Elapsed time spent in this place.
 B = Non-inter-level travel time spent in this place.
 C = Inter-level travel time spent in this place.
 D = Time resting spent in this place.
 E = Time spent auto-exploring this place.
 F = Levels seen in this place.
 G = Mean time per level.
                   A        B        C        D        E       F      G
               +--------+--------+--------+--------+--------+-----+--------+
         Total |    772 |    766 |      6 |      0 |    605 |   2 |  386.0 |
       Dungeon |    772 |    766 |      6 |      0 |    605 |   2 |  386.0 |
               +--------+--------+--------+--------+--------+-----+--------+

Top non-repeatable levels by time:
     D:1: 633 daAuts
     D:2: 139 daAuts
